 Dungeon Crawl Stone Soup version 0.22.0-6-g71bd7aa (webtiles) character file.

44180 HaroldButt the Scorcher (level 13, -2/78 HPs)
             Began as a Deep Elf Fire Elementalist on Aug 14, 2018.
             Was a High Priest of Vehumet.
             Killed by drain life
             ... invoked by a soul eater
             ... summoned by an orc sorcerer
              (14 damage)
             ... on level 1 of the Orcish Mines.
             The game lasted 01:44:20 (21269 turns).

HaroldButt the Scorcher (DEFE)                     Turns: 21269, Time: 01:44:21

Health: -2/78      AC: 11    Str:  6    XL:     13   Next: 94%
Magic:  19/36      EV: 20    Int: 25    God:    Vehumet [*****.]
Gold:   640        SH:  0    Dex: 15    Spells: 1/28 levels left

rFire    + . .     SeeInvis .   m - staff of energy
rCold    . . .     Gourm    +   (no shield)
rNeg     . . .     Faith    .   G - +1 robe {rC+}
rPois    .         Spirit   .   (no helmet)
rElec    .         Reflect  .   q - +2 cloak
rCorr    .         Harm     .   Q - +1 pair of gloves
MR       +....                  n - +2 pair of boots
Stlth    ++........             o - amulet of the gourmand
HPRegen  0.23/turn              C - ring of magical power
MPRegen  0.25/turn              H - ring of fire

@: no status effects
A: no striking features
a: Renounce Religion


You were on level 1 of the Orcish Mines.
You worshipped Vehumet.
Vehumet was extremely pleased with you.
You were very full.

You visited 4 branches of the dungeon, and saw 19 of its levels.
You also visited: Sewer.

You collected 1270 gold pieces.
You spent 630 gold pieces at shops.


   Skills:
 + Level 7.7 Fighting
 - Level 4.2 Armour
 - Level 12.0 Dodging
 - Level 2.4 Stealth
 - Level 8.4 Spellcasting
 - Level 12.1 Conjurations
 - Level 16.1 Fire Magic


You had one spell level left.
You knew the following spells:

 Your Spells              Type           Power        Failure   Level  Hunger
b - Blink                 Tloc           N/A          9%          2    None
c - Sticky Flame          Conj/Fire      #######.     1%          4    None
u - Bolt of Fire          Conj/Fire      #######...   1%          6    None
v - Fireball              Conj/Fire      #######...   1%          5    None
x - Throw Flame           Conj/Fire      ######       1%          2    None
y - Throw Icicle          Conj/Ice       #####...     1%          4    None
z - Flame Tongue          Conj/Fire      #####        0%          1    None
Z - Conjure Flame         Conj/Fire      #######.     1%          3    None

Your spell library contained the following spells:

 Spells                   Type           Power        Failure   Level  Hunger
 Cause Fear               Hex            ##........   50%         4    None
 Magic Dart               Conj           ####         1%          1    None
 Bolt of Cold             Conj/Ice       #####.....   19%         6    None
 Slow                     Hex            ##......     9%          2    None
 Throw Frost              Conj/Ice       #####.       1%          2    None
 Freezing Cloud           Conj/Ice/Air   ####......   38%         6    None
 Mephitic Cloud           Conj/Pois/Air  ####....     1%          3    None
 Ozocubu's Refrigeration  Ice            ##........   88%         6    None
 Summon Ice Beast         Ice/Summ       ##......     50%         4    None
 Call Imp                 Summ           ##......     9%          2    None
 Regeneration             Chrm/Necr      ##........   17%         3    None
 Sublimation of Blood     Necr           ##........   9%          2    None
 Agony                    Necr           ##......     85%         5    None
 Blade Hands              Tmut           ##........   85%         5    None
 Ice Form                 Ice/Tmut       ##......     50%         4    None
 Ensorcelled Hibernation  Hex/Ice        ##....       9%          2    None
 Metabolic Englaciation   Hex/Ice        ##........   85%         5    None
 Corona                   Hex            ##.....      6%          1    None
 Simulacrum               Ice/Necr       ##........   100%        6    None
 Portal Projectile        Hex/Tloc       ##....       17%         3    None
 Leda's Liquefaction      Hex/Erth       ##........   50%         4    None
 Shroud of Golubria       Chrm/Tloc      ##........   9%          2    None
 Inner Flame              Hex/Fire       ######..     1%          3    None
 Beastly Appendage        Tmut           ##....       6%          1    None
 Infusion                 Chrm           ##..         6%          1    None
 Song of Slaying          Chrm           ##......     9%          2    None
 Spectral Weapon          Hex/Chrm       ##......     17%         3    None

Inventory:

Hand Weapons
 a - a +0 short sword of draining
 b - a +2 eveningstar of draining
 J - the +3 fustibalus "Pazyavya" {freeze, rPois Str-3 Dex+4 Stlth+}

   It causes projectiles fired from it to freeze those they strike, causing
   extra injury to most foes and up to half again as much damage against
   particularly susceptible opponents.
   They can also slow down cold-blooded creatures.
   It affects your strength (-3).
   It affects your dexterity (+4).
   It protects you from poison.
   It makes you more stealthy.
 M - a +0 quarterstaff
Missiles
 R - a throwing net {=f}
Armour
 n - a +2 pair of boots (worn)
 q - a +2 cloak (worn)
 r - a scarf of repulsion
 D - the +4 chain mail of the Guardian {rElec Str+2 Int+4}

   It affects your strength (+2).
   It affects your intelligence (+4).
   It insulates you from electricity.
 G - a +1 robe of cold resistance (worn)
 I - a +0 leather armour of fire resistance
 Q - a +1 pair of gloves (worn)
 T - a +0 robe of magic resistance
Magical Staves
 m - an uncursed staff of energy (weapon)
 F - an uncursed staff of conjuration
Jewellery
 o - an amulet of the gourmand (around neck)
 t - an uncursed ring of flight
 A - an uncursed ring of poison resistance
 C - a ring of magical power (left hand)
 H - a ring of fire (right hand)
Wands
 k - a wand of iceblast (9)
 v - a wand of digging (21)
 y - a wand of acid (32)
 E - a wand of scattershot (11)
Scrolls
 g - 4 scrolls of remove curse
 p - 4 scrolls of immolation {!r}
 s - 6 scrolls of enchant weapon
 w - 2 scrolls of identify {@r1}
 x - 7 scrolls of teleportation {@r4}
 z - a scroll of vulnerability {!r}
 B - 3 scrolls of summoning
 K - a scroll of magic mapping
 N - a scroll of fear
 O - a scroll of blinking
 P - a scroll of silence {!r}
Potions
 d - 3 potions of might
 e - 8 potions of curing {@q1}
 f - a potion of mutation {!q}
 h - 5 potions of flight
 i - 3 potions of agility
 j - 2 potions of invisibility
 u - 2 potions of cancellation
 S - a potion of berserk rage {!q}
 U - a potion of magic
Miscellaneous
 L - a phantom mirror
Comestibles
 c - 47 rations

Dungeon Overview and Level Annotations

Branches:
Dungeon (12/15)            Temple (1/1) D:5            Lair (5/6) D:11
 Shoals (0/4) Lair:3        Snake (0/4) Lair:3          Orc (1/2) D:12
  Slime: Lair:5-6

Altars:
Ashenzari
Cheibriados
Dithmenos
Elyvilon
Gozag
Hepliaklqana
Nemelex Xobeh
Okawaru
Qazlal
Sif Muna
Trog
Vehumet
Wu Jian
Yredelemnul
Zin
Beogh

Shops:
D:5 :   D:8 =

Portals:
Ice
Cave: Orc:1

Annotations:
D:12 1 runed door, exclusion: orange crystal statue
Lair:1 exclusion: obsidian statue
Lair:3 3 runed doors, Renif's ghost, journeyman MiFi

░░░ ▒................,,,,,,,░░
░,░░▒▒..▒...▒,▒...o.▒▒,,,,,,,░
,,,░░▒▒▒....▒░░......▒,.,,░,░░
,,,,░ ▒.....▒▒░......▒..,░░░░
,,,░░░▒▒.▒oo.▒░.........,,░░
,,,,░,░▒▒▒▒.o▒▒▒........,,,░
,,,,,,,░ ░▒oo...o...▒..▒░,░░
,,,,,,░░░▒...▒5555...▒░░░░░
,,,,,,░,░▒▒..▒55e....▒
,,,,,,,,,▒.....5....▒▒
,,,,,,,,...........▒▒
,,,,,,,.............▒░░
,,,,,,................░░
,,,,,,...............o.░
,,,,,,,,..............3▒░
,,,,,,,,,......_..£....3░
,,,,░,,,,,,,,,,,,,,,,,,░░


You could see a soul eater, a ynoxinul, an orc sorcerer, 2 orc warriors, 2 orc
priests, 7 white imps and 3 orcs.


Message History

The orc warrior closely misses you. The white imp gestures at you.
The puff of frost misses you.
The orc sorcerer gestures wildly while chanting.
The orc wizard gestures wildly while chanting.
The orc wizard flickers and vanishes!
Deactivating autopickup; reactivate with Ctrl-A.
The white imp completely misses you.
The orc priest invokes the aid of Beogh against you.
Beogh smites you!
* * * LOW HITPOINT WARNING * * *
The white imp gestures at you. The puff of frost misses you.
Found 18 gold pieces.
Found a roughly hewn altar of Beogh.
There is a frozen archway here.
The orc sorcerer becomes larger for a moment.
The white imp hits you.
* * * LOW HITPOINT WARNING * * *
The white imp freezes you.
* * * LOW HITPOINT WARNING * * *
The white imp hits you but does no damage.
The white imp gestures at you. The puff of frost misses you.
The orc priest mumbles some strange prayers to Beogh against you.
Beogh smites you!
* * * LOW HITPOINT WARNING * * *
The white imp completely misses you.
The soul eater draws from the surrounding life force!
You die...

Action                   |  1- 3 |  4- 6 |  7- 9 | 10-12 | 13-15 || total
-------------------------+-------+-------+-------+-------+-------++-------
Melee: Dagger            |     4 |     3 |     9 |       |       ||    16
       Quarterstaff      |       |       |    94 |     3 |       ||    97
       Short sword       |       |       |       |    15 |       ||    15
       Staff             |       |       |       |       |     2 ||     2
 Cast: Flame Tongue      |    75 |    80 |   282 |   179 |     3 ||   619
       Throw Flame       |     1 |     1 |     2 |    13 |       ||    17
       Conjure Flame     |       |     2 |    12 |     1 |     3 ||    18
       Sticky Flame      |       |     1 |     7 |    42 |     4 ||    54
       Fireball          |       |       |     7 |   143 |   113 ||   263
       Bolt of Fire      |       |       |       |       |    36 ||    36
       Blink             |       |       |       |       |     6 ||     6
Evoke: Wand              |       |       |       |     3 |     3 ||     6
  Use: Scroll            |       |     9 |     5 |    10 |     7 ||    31
       Potion            |       |     2 |     2 |       |     2 ||     6
 Stab: Sleeping          |     2 |     2 |       |       |       ||     4
  Eat: Ration            |     1 |     1 |       |       |       ||     2
       Chunk             |     1 |     9 |    19 |    39 |    14 ||    82
Armor: Robe              |     6 |     8 |    69 |    29 |    19 ||   131
Dodge: Dodged            |    26 |    14 |   101 |   128 |    80 ||   349

Vault maps used:
D:1:      co_arrival_square_in_a_square_in_a_square
D:2:      marbit_many_paths, first_ration, minivault_14, minmay_unequal
D:3:      minmay_misc_feat_hallway
D:4:      tgw_sif, kennysheep_mini_moat, gup_sewer_entry_pipe,
          trog_three_pillars_becter, uniq_duvessa
D:5:      minmay_temple_entry_large_hall, serial_shops, shop_statue,
          kennysheep_decorative_pillar
D:6:      nemelex_xobeh_ov_fountains_minmay
D:8:      serial_shops, nicolae_shop_trees, grunt_pizzeria, uniq_prince_ribbit1,
          uniq_joseph
D:9:      kennysheep_little_box, evilmike_ruin_ashenzari
D:10:     special_room, uniq_urug, uniq_sonja, uniq_maurice
D:11:     erik_lair_orcish_takeover
D:12:     kennysheep_orc_monster_closet_entryway, minmay_crystal_box,
          uniq_frances
Temple:   eino_temple_rhombus
Lair:1:   statuecave_lemuel, serial_bayou_shore_a, uniq_nergalle
Lair:2:   grunt_megastairs_4, infiniplex_staircase_pool
Lair:3:   minmay_shoals_entry_centaurs, guppyfry_snake_entry_island,
          gammafunk_ghost_necromancy
Lair:4:   grunt_forest_large_clearing_hut, lemuel_fruit_fields
Orc:1:    portal_ice_cave_entry_imps, basic_altar
Sewer:    sewer_kobolds

Notes
Turn   | Place    | Note
-------+----------+-------------------------------------------
     0 | D:1      | HaroldButt the Deep Elf Fire Elementalist began the quest for the Orb.
     0 | D:1      | Reached XP level 1. HP: 10/10 MP: 6/6
   150 | D:1      | Reached skill level 4 in Fire Magic
   150 | D:1      | Reached XP level 2. HP: 14/15 MP: 5/8
   158 | D:1      | Learned a level 2 spell: Throw Flame
   828 | D:2      | Reached XP level 3. HP: 19/19 MP: 6/9
  1020 | D:2      | Reached skill level 5 in Fire Magic
  1021 | D:2      | Found a basalt altar of Yredelemnul.
  1997 | D:3      | Reached XP level 4. HP: 23/24 MP: 7/10
  2744 | D:4      | Learned a level 3 spell: Conjure Flame
  2779 | D:4      | Found a glowing drain.
  2803 | Sewer    | Entered a sewer
  2924 | Sewer    | Noticed a big kobold
  2937 | Sewer    | Killed a big kobold
  2937 | Sewer    | Reached skill level 6 in Fire Magic
  2937 | Sewer    | Reached XP level 5. HP: 28/28 MP: 5/11
  3110 | Sewer    | Found a white marble altar of Elyvilon.
  3281 | D:4      | Reached skill level 2 in Conjurations
  3319 | D:4      | Reached skill level 3 in Conjurations
  3413 | D:4      | Reached XP level 6. HP: 32/32 MP: 8/12
  3487 | D:4      | Reached skill level 4 in Conjurations
  3588 | D:4      | Learned a level 4 spell: Sticky Flame
  3601 | D:4      | Noticed Dowan
  3634 | D:4      | Killed Dowan
  3634 | D:4      | Reached skill level 5 in Conjurations
  3669 | D:4      | Noticed Duvessa
  3675 | D:4      | Killed Duvessa
  3675 | D:4      | Reached XP level 7. HP: 27/36 MP: 3/13
  3680 | D:4      | Found an opulent altar of Gozag.
  3683 | D:4      | Reached skill level 6 in Conjurations
  3986 | D:4      | Found a bloodstained altar of Trog.
  4072 | D:4      | Reached skill level 4 in Spellcasting
  4354 | D:4      | Noticed Jessica
  4360 | D:4      | Killed Jessica
  4360 | D:4      | Reached skill level 5 in Spellcasting
  4369 | D:4      | Learned a level 5 spell: Fireball
  4374 | D:4      | Found a deep blue altar of Sif Muna.
  4495 | D:5      | Entered Level 5 of the Dungeon
  4495 | D:5      | Found a staircase to the Ecumenical Temple.
  4504 | Temple   | Entered the Ecumenical Temple
  4523 | Temple   | Became a worshipper of Vehumet
  4776 | D:5      | Reached skill level 6 in Spellcasting
  4827 | D:5      | Reached skill level 7 in Spellcasting
  4828 | D:5      | Found Otif Neo's Book Shoppe.
  5000 | D:5      | Reached XP level 8. HP: 12/41 MP: 8/21
  5497 | D:5      | Reached skill level 8 in Spellcasting
  5740 | D:5      | Reached skill level 7 in Fire Magic
  5957 | D:6      | Reached * piety under Vehumet
  5957 | D:6      | Offered knowledge of Shock by Vehumet.
  6058 | D:6      | Reached skill level 8 in Fire Magic
  6156 | D:6      | Learned a level 2 spell: Blink
  6224 | D:6      | Found a sparkling altar of Nemelex Xobeh.
  6231 | D:6      | Reached skill level 9 in Fire Magic
  6300 | D:6      | Reached XP level 9. HP: 10/45 MP: 1/23
  7121 | D:7      | Reached skill level 10 in Fire Magic
  7138 | D:7      | Reached skill level 1 in Fighting
  7489 | D:7      | Reached skill level 2 in Fighting
  7785 | D:7      | Reached skill level 3 in Fighting
  7866 | D:8      | Found Dehelasm's Jewellery Shop.
  7876 | D:8      | Bought an uncursed ring of magical power for 280 gold pieces
  7994 | D:8      | Reached skill level 4 in Fighting
  8042 | D:8      | Got a fine chain mail
  8107 | D:8      | Reached skill level 1 in Armour
  8110 | D:8      | Reached ** piety under Vehumet
  8130 | D:8      | Noticed Joseph
  8144 | D:8      | Killed Joseph
  8144 | D:8      | Offered knowledge of Freeze by Vehumet.
  8144 | D:8      | Reached skill level 3 in Armour
  8418 | D:8      | Noticed Prince Ribbit
  8422 | D:8      | Killed Prince Ribbit
  8422 | D:8      | Reached skill level 4 in Armour
  8496 | D:8      | Reached skill level 3 in Dodging
  8735 | D:9      | Found an ornate altar of the Wu Jian Council.
  8810 | D:9      | Reached skill level 4 in Dodging
  9023 | D:9      | Reached XP level 10. HP: 56/56 MP: 24/24
  9236 | D:9      | Reached skill level 5 in Dodging
  9438 | D:9      | Found a shattered altar of Ashenzari.
  9641 | D:9      | Reached skill level 6 in Dodging
  9901 | D:10     | Entered Level 10 of the Dungeon
  9919 | D:10     | Offered knowledge of Stone Arrow by Vehumet.
  9921 | D:10     | Reached skill level 7 in Dodging
  9958 | D:10     | Noticed Urug
 10121 | D:10     | Noticed Sonja
 10122 | D:10     | Killed Sonja
 10122 | D:10     | Reached skill level 8 in Dodging
 10122 | D:10     | Reached *** piety under Vehumet
 10123 | D:10     | Reached skill level 9 in Dodging
 10233 | D:10     | Noticed Maurice
 10238 | D:10     | Killed Maurice
 10291 | D:10     | Reached skill level 10 in Dodging
 10360 | D:10     | Identified the +4 chain mail of the Guardian {rElec Str+2 Int+4} (You found it on level 8 of the Dungeon)
 10469 | D:10     | Killed Urug
 10478 | D:10     | Reached skill level 11 in Dodging
 10738 | D:10     | Reached XP level 11. HP: 59/61 MP: 1/25
 11046 | D:10     | Offered knowledge of Throw Icicle by Vehumet.
 11052 | D:10     | Learned a level 4 spell: Throw Icicle
 11205 | D:10     | Reached skill level 12 in Dodging
 11448 | D:8      | Bought an uncursed ring of fire for 350 gold pieces
 11777 | D:11     | Noticed a two-headed ogre
 11782 | D:11     | Killed a two-headed ogre
 11782 | D:11     | Reached skill level 7 in Conjurations
 11936 | D:11     | Reached skill level 8 in Conjurations
 12043 | D:11     | Reached **** piety under Vehumet
 12236 | D:11     | Found a staircase to the Lair.
 12295 | D:10     | Reached skill level 9 in Conjurations
 12535 | D:11     | Offered knowledge of Lightning Bolt by Vehumet.
 12998 | D:11     | Got a steaming fustibalus
 12999 | D:11     | Identified the +3 fustibalus "Pazyavya" {freeze, rPois Str-3 Dex+4 Stlth+} (You found it on level 11 of the Dungeon)
 13097 | Lair:1   | Entered Level 1 of the Lair of Beasts
 13128 | Lair:1   | Reached skill level 10 in Conjurations
 13430 | Lair:1   | Noticed Nergalle
 13436 | Lair:1   | Killed Nergalle
 13436 | Lair:1   | Reached skill level 11 in Conjurations
 13973 | Lair:1   | Identified Qinlonua's Disquisition on Moulding and the Glacier
 13975 | Lair:1   | Identified the Papyrus of Congealing Stolen Souls
 13987 | Lair:1   | Noticed an obsidian statue
 14173 | Lair:2   | Noticed a six-headed hydra
 14177 | Lair:2   | Killed a six-headed hydra
 14177 | Lair:2   | Reached skill level 12 in Conjurations
 14177 | Lair:2   | Reached XP level 12. HP: 66/66 MP: 17/26
 14662 | Lair:2   | Noticed a catoblepas
 14665 | Lair:2   | Reached skill level 11 in Fire Magic
 14668 | Lair:2   | Killed a catoblepas
 14907 | Lair:2   | Reached skill level 12 in Fire Magic
 15606 | Lair:3   | Noticed a four-headed hydra
 15609 | Lair:3   | Killed a four-headed hydra
 15612 | Lair:3   | Found a staircase to the Snake Pit.
 15639 | Lair:3   | Reached skill level 13 in Fire Magic
 15655 | Lair:2   | HP: 6/66 [poisoned by a spiny frog]
 15661 | Lair:2   | HP: 3/66 [poisoned by a spiny frog]
 15666 | Lair:2   | HP: 2/66 [poisoned by a spiny frog]
 15673 | Lair:2   | HP: 2/66 [poisoned by a spiny frog]
 15681 | Lair:2   | HP: 2/66 [poisoned by a spiny frog]
 16034 | Lair:3   | Noticed a six-headed hydra
 16039 | Lair:3   | Killed a six-headed hydra
 16176 | Lair:3   | Noticed a five-headed hydra
 16180 | Lair:3   | Killed a five-headed hydra
 16302 | Lair:3   | Found a staircase to the Shoals.
 16307 | Lair:3   | Reached ***** piety under Vehumet
 16307 | Lair:3   | Reached skill level 14 in Fire Magic
 16431 | Lair:3   | Noticed a four-headed hydra
 16434 | Lair:3   | Killed a four-headed hydra
 16434 | Lair:3   | Offered knowledge of Iskenderun's Battlesphere by Vehumet.
 16511 | Lair:3   | Found a runed gate.
 16512 | Lair:3   | Found a runed gate.
 16513 | Lair:3   | Found a runed gate.
 16540 | Lair:3   | Noticed Renif's ghost (journeyman MiFi)
 17011 | Lair:4   | Reached XP level 13. HP: 70/70 MP: 27/27
 17676 | Lair:4   | Reached skill level 15 in Fire Magic
 19179 | D:12     | Reached skill level 16 in Fire Magic
 19453 | D:12     | Found a runed door.
 19478 | D:12     | Reached skill level 5 in Fighting
 19625 | D:12     | Noticed Frances
 19629 | D:12     | Killed Frances
 19695 | D:12     | Reached skill level 6 in Fighting
 20034 | D:12     | Offered knowledge of Bolt of Fire by Vehumet.
 20042 | D:12     | Learned a level 6 spell: Bolt of Fire
 20198 | D:12     | Found a staircase to the Orcish Mines.
 20633 | Orc:1    | Entered Level 1 of the Orcish Mines
 20633 | Orc:1    | Noticed an orc warlord
 20641 | D:12     | Reached skill level 7 in Fighting
 20950 | D:12     | Killed an orc warlord
 20982 | Orc:1    | HP: 2/76 [orc knight/bolt (27)]
 21258 | Orc:1    | Found a frozen archway.
 21268 | Orc:1    | Found a roughly hewn altar of Beogh.
 21269 | Orc:1    | Killed from afar by a soul eater

Vanquished Creatures
  Frances (D:12)
  An orc warlord (D:12)
  7 hydras
  A catoblepas (Lair:2)
  A death yak (Lair:4)
  2 two-headed ogres
  Urug (D:10)
  Sonja (D:10)
  Nergalle (Lair:1)
  4 skeletal warriors (D:12)
  An unseen horror (D:12)
  An orc knight (Orc:1)
  An ugly thing (D:12)
  5 elephants
  2 centaur zombies
  Maurice (D:10)
  Joseph (D:8)
  A black mamba (Lair:4)
  6 spiny frogs
  A gargoyle (D:12)
  2 kobold demonologists
  6 komodo dragons
  2 rime drakes
  2 trolls
  A queen bee (D:10)
  2 hornets
  Prince Ribbit (D:8)
  A polar bear (Lair:4)
  8 blink frogs
  5 hippogriffs
  A shadow (D:11)
  2 wyverns
  A wraith (D:12)
  A vampire (D:12)
  20 yaks
  A basilisk (Lair:5)
  2 hungry ghosts (D:10)
  14 water moccasins
  2 nagas (Lair:3)
  A soldier ant (D:12)
  5 wargs
  Duvessa (D:4)
  7 porcupines
  2 black bears
  4 ice beasts
  4 sky beasts
  19 orc warriors
  An eye of draining (D:12)
  3 necrophages
  10 centaurs
  6 ogres
  2 phantoms
  9 crocodiles
  4 big kobolds
  15 bullfrogs
  2 gnoll sergeants (D:12)
  A wyvern zombie (D:11)
  Dowan (D:4)
  2 scorpions
  18 killer bees
  5 wights (D:10)
  4 howler monkeys
  6 electric eels
  3 crimson imps
  A quasit (D:11)
  A bullfrog zombie (D:5)
  10 hounds
  2 jellies
  21 orc wizards
  A gnoll shaman (D:4)
  2 bullfrog skeletons
  9 orc priests
  4 iguanas
  Jessica (D:4)
  13 worker ants
  A hound zombie (D:5)
  A hound skeleton (D:11)
  9 gnolls
  4 howler monkey skeletons
  10 adders
  3 shadow imps (D:5)
  4 white imps (Orc:1)
  An adder zombie (D:9)
  A worm (D:2)
  12 leopard geckos
  51 orcs
  8 bats
  8 giant cockroaches
  6 goblins (D:1)
  6 hobgoblins
  16 jackals
  4 quokkas
  A ball python (D:1)
  3 frilled lizards
  13 kobolds
  A leopard gecko zombie (D:5)
  A quokka zombie (D:5)
  9 rats
  3 fungi
  2 plants
492 creatures vanquished.

Vanquished Creatures (others)
  An orc (Orc:1)
  2 fungi
  2 plants
5 creatures vanquished.

Grand Total: 497 creatures vanquished
